 Dungeon Crawl Stone Soup version 0.22-a0-149-g870e420 (webtiles) character file.

144 Amnesiac the Digger (level 5, 0/35 HPs)
             Began as a Mummy Earth Elementalist on Feb 7, 2018.
             Slain by an orc
             ... wielding a +0 club
              (2 damage)
             ... on level 3 of the Dungeon.
             The game lasted 00:03:12 (2099 turns).

Amnesiac the Digger (Mummy Earth Elementalist)      Turns: 2099, Time: 00:03:13

Health: 0/35       AC:  5    Str: 11    XL:     5   Next: 5%
Magic:  5/11       EV: 12    Int: 15    God:
Gold:   74         SH:  4    Dex: 13    Spells: 0/12 levels left

rFire    x . .     SeeInvis .   m - +0 flail (protect)
rCold    + + .     Gourm    .   (no shield)
rNeg     + + +     Faith    .   o - +2 robe {MR+}
rPois    ∞         Spirit   .   l - +0 helmet
rElec    .         Reflect  +   (no cloak)
rCorr    .         Harm     .   (no gloves)
MR       +....                  (no boots)
Stlth    ++........             k - +4 amulet of reflection
HPRegen  0.11/turn              g - ring of protection from cold
MPRegen  0.12/turn              (no ring)

@: no status effects
A: no food or potions, fire vulnerability, cold resistance 1, negative energy
resistance 3, torment resistance, unbreathing
a: no special abilities


You were on level 3 of the Dungeon.
You were not hungry.

You visited 1 branch of the dungeon, and saw 3 of its levels.

You collected 74 gold pieces.

Inventory:

Hand Weapons
 e - a +0 dagger
 m - a +0 flail of protection (weapon)
Missiles
 f - 31 poisoned needles
Armour
 l - a +0 helmet (worn)
 n - a cursed +0 leather armour
 o - a +2 robe of magic resistance (worn)
Jewellery
 g - a ring of protection from cold (left hand)
 k - a +4 amulet of reflection (around neck)
Scrolls
 a - a scroll of enchant armour {!r, unknown}
 c - a scroll of magic mapping {!r, unknown}
 h - a scroll of random uselessness {!r, unknown}
 i - a scroll of immolation {!r, unknown}
 j - 2 scrolls of identify {!r, unknown}
Books
 d - a book of Geomancy

   Spells                             Type                      Level
   a - Sandblast                      Earth                        1
   b - Passwall                       Transmutation/Earth          2
   c - Stone Arrow                    Conjuration/Earth            3
   d - Petrify                        Transmutation/Earth          4
   e - Lee's Rapid Deconstruction     Earth                        5


   Skills:
 - Level 1.0 Short Blades
 - Level 1.5 Dodging
 - Level 1.5 Stealth
 + Level 4.0 Spellcasting
 - Level 1.0 Transmutations
 * Level 4.0 Earth Magic


You couldn't memorise any spells.
You knew the following spells:

 Your Spells              Type           Power        Failure   Level  Hunger
a - Sandblast             Erth           ###...       3%          1    N/A
b - Passwall              Tmut/Erth      ##........   10%         2    N/A
d - Lee's Rapid Deconstr  Erth           ###.......   67%         5    N/A
e - Petrify               Tmut/Erth      ##......     54%         4    N/A

Dungeon Overview and Level Annotations

Branches:
Dungeon (3/15)

Altars:


Innate Abilities, Weirdness & Mutations

You do not eat or drink.
Your flesh is vulnerable to fire.
You are immune to poison.
Your flesh is cold resistant. (rC+)
You are immune to negative energy. (rN+++)
You are immune to unholy pain and torment.
You can survive without breathing.


Message History

Casting: Sandblast (safe; 3% risk of failure)
Confirm with . or Enter, or press ? or * to list all spells.
Aiming: Sandblast (safe; 3% risk of failure)
Press: ? - help, Shift-Dir - straight line, f - orc, p - orc
Aim: an orc, wielding a hand axe of venom The blast of sand hits the orc.
You kill the orc!
b - 4 stones The orc priest hits you from afar with a trident.
The orc barely misses you.
Casting: Sandblast (safe; 3% risk of failure)
Confirm with . or Enter, or press ? or * to list all spells.
Aiming: Sandblast (safe; 3% risk of failure)
Press: ? - help, Shift-Dir - straight line, f - orc priest
Aim: an orc priest, wielding a trident and wearing a scale mail The blast of sand hits the orc.
You kill the orc!
b - 3 stones The orc priest invokes the aid of Beogh against you.
Beogh smites you!
* * * LOW HITPOINT WARNING * * *
The orc hits you but does no damage.
Casting: Sandblast (safe; 3% risk of failure)
Confirm with . or Enter, or press ? or * to list all spells.
Aiming: Sandblast (safe; 3% risk of failure)
Press: ? - help, Shift-Dir - straight line, f/p - orc priest
Aim: an orc priest, wielding a trident and wearing a scale mail The blast of sand misses the orc priest.
b - 2 stones The orc priest mumbles some strange prayers to Beogh against you.
Beogh smites you!
* * * LOW HITPOINT WARNING * * *
The orc hits you with a club.
* * * LOW HITPOINT WARNING * * *
Unknown command.
Casting: Sandblast (safe; 3% risk of failure)
Confirm with . or Enter, or press ? or * to list all spells.
Aiming: Sandblast (safe; 3% risk of failure)
Press: ? - help, Shift-Dir - straight line, f/p - orc priest
Aim: an orc priest, wielding a trident and wearing a scale mail The blast of sand hits the orc priest.
The orc priest is moderately wounded.
b - a stone The orc priest barely misses you.
The rat misses you.
Unknown command.
Casting: Sandblast (safe; 3% risk of failure)
Confirm with . or Enter, or press ? or * to list all spells.
Aiming: Sandblast (safe; 3% risk of failure)
Press: ? - help, Shift-Dir - straight line, f/p - orc priest
Aim: an orc priest, wielding a trident and wearing a scale mail (moderately wounded)
The blast of sand hits the orc priest.
The orc priest is moderately wounded.
You now have no stones remaining.
You block the orc's attack. You block the rat's attack.
The orc priest closely misses you.
Unknown command.
Casting: Sandblast (safe; 3% risk of failure)
Confirm with . or Enter, or press ? or * to list all spells.
Aiming: Sandblast (safe; 3% risk of failure)
Press: ? - help, Shift-Dir - straight line, f/p - orc priest
Aim: an orc priest, wielding a trident and wearing a scale mail (moderately wounded)
You don't have any stones to cast with.
Unknown command.
The orc hits you with a club.
You die...

#.....#...##
<.....##...#
#...)###...#
..##.......## #
.#######....####
.# . ###...†.###
.# .
###.....####
.### >
#.....r..#.....
.
##...@o.)......
..
######s....... .
#.†......
#.......<
.........
#.#......
#.#......
#.#......
#.#....##


You could see an orc, a giant cockroach and a rat.

Vanquished Creatures
  Jessica (D:2)
  4 adders (D:2)
  4 gnolls
  A dart slug (D:2)
  3 leopard geckos
  3 orcs (D:3)
  5 bats
  2 giant cockroaches
  4 hobgoblins
  4 kobolds
  4 goblins
  5 rats
40 creatures vanquished.

Notes
Turn   | Place    | Note
-------+----------+-------------------------------------------
     0 | D:1      | Amnesiac the Mummy Earth Elementalist began the quest for the Orb.
     0 | D:1      | Reached XP level 1. HP: 13/13 MP: 4/4
   226 | D:1      | Reached XP level 2. HP: 15/19 MP: 5/5
   230 | D:1      | Learned a level 2 spell: Passwall
   851 | D:2      | Reached skill level 1 in Short Blades
   899 | D:2      | Reached skill level 1 in Transmutations
   925 | D:2      | Reached XP level 3. HP: 24/24 MP: 7/7
  1313 | D:2      | Reached XP level 4. HP: 30/30 MP: 6/9
  1504 | D:2      | Noticed Jessica
  1510 | D:2      | Killed Jessica
  1802 | D:2      | Learned a level 4 spell: Petrify
  1988 | D:2      | Reached XP level 5. HP: 35/35 MP: 10/10
  2075 | D:3      | Learned a level 5 spell: Lee's Rapid Deconstruction
  2099 | D:3      | Slain by an orc

Vault maps used:
D:1:      lightli_arrival_lavapool
D:2:      uniq_jessica
D:3:      old_standard_altar, minmay_box_of_dots, uniq_natasha

Skill      XL: |  1  2  3  4  5 |
---------------+----------------+-----
Earth Magic    | 3 4 |  4.0
Spellcasting   | 3 4 |  4.0
Short Blades   | 1 |  1.0
Transmutations | 1 |  1.0
Dodging        | |  1.5
Stealth        | |  1.5

Action                   |  1- 3 |  4- 6 || total
-------------------------+-------+-------++-------
Melee: Mace              |    34 |     8 ||    42
       Unarmed           |    10 |       ||    10
       Flail             |       |    26 ||    26
 Cast: Sandblast         |    19 |    23 ||    42
 Stab: Sleeping          |     3 |     2 ||     5
Armor: Robe              |    22 |     6 ||    28
Dodge: Dodged            |    43 |    31 ||    74
Block: Other             |       |    14 ||    14
       Reflection        |       |     1 ||     1

Table legend:
 A = Spawn XP
 B = Non-spawn XP
 C = Spawn XP percentage of total XP
 D = Spawn monster count
 E = Non-spawn monster count
 F = Spawn count percentage of total count
 G = Total turns spent on level
                    A         B        C        D         E        F      G
               +---------+---------+-------+---------+---------+-------+---------
         Total |       0 |     207 |   0.0 |       0 |      40 |   0.0 |  2099
               +---------+---------+-------+---------+---------+-------+---------
           D:1 |       0 |      36 |   0.0 |       0 |      14 |   0.0 |  1040
           D:2 |       0 |     160 |   0.0 |       0 |      22 |   0.0 |  1011
           D:3 |       0 |      11 |   0.0 |       0 |       4 |   0.0 |    48
               +---------+---------+-------+---------+---------+-------+---------
